 Dungeon Crawl Stone Soup version 0.28-a0-706-gf6f64a616a (webtiles) character file.

Game seed: 4111290780306443764

0 willcat the Sneak (level 1, -2/18 HPs)
             Began as a Human Delver on Oct 24, 2021.
             Slain by a killer bee (6 damage)
             ... on level 5 of the Dungeon.
             The game lasted 00:00:20 (164 turns).

willcat the Sneak (Human Delver)                     Turns: 164, Time: 00:00:20

Health: -2/18      AC:  3    Str: 12    XL:     1   Next: 0%
Magic:  1/1        EV: 12    Int: 10    God:
Gold:   30         SH:  0    Dex: 14    Spells: 0/0 levels left

rFire   . . .      SeeInvis .   a - +0 short sword
rCold   . . .      Faith    .   (no shield)
rNeg    . . .      Spirit   .   b - +0 leather armour
rPois   .          Reflect  .   (no helmet)
rElec   .          Harm     .   (no cloak)
rCorr   .          Rampage  .   (no gloves)
Will    .....                   (no boots)
Stlth   +++.......              (no amulet)
HPRegen 0.06/turn               (no ring)
MPRegen 0.07/turn               (no ring)

@: lethally poisoned (-2 -> -7)
A: no striking features
a: no special abilities


You were on level 5 of the Dungeon.
You visited 1 branch of the dungeon, and saw 1 of its levels.

You collected 30 gold pieces.

Inventory:

Hand Weapons
 a - a +0 short sword (weapon)
Armour
 b - a +0 leather armour (worn)
Wands
 g - a wand of digging (3)
 i - a wand of charming (7)
Scrolls
 c - a scroll of fog
 d - a scroll of magic mapping
 e - a scroll of fear
 h - a scroll of teleportation {unknown}
 j - a scroll of identify {unknown}
Potions
 f - a potion of haste


   Skills:
 - Level 3.0 Fighting
 + Level 2.0 Short Blades
 + Level 2.0 Dodging
 + Level 5.0 Stealth


You couldn't memorise any spells.
You didn't know any spells.
Your spell library was empty.

Dungeon Overview and Level Annotations

Branches:
Dungeon (5/15)
 Temple: D:4-7

Altars:


Message History

Press: ? - help, Dir - move target, f/p - killer bee
Aim: a killer bee Attack!
Your killer bee misses the killer bee.
The killer bee stings your killer bee.
Your killer bee is poisoned.
The killer bee poisons your killer bee!
Your killer bee closely misses the killer bee.
The killer bee closely misses your killer bee.
Your killer bee barely misses the killer bee.
The killer bee barely misses your killer bee. x2
Your killer bee misses the killer bee.
Unknown command.
The killer bee closely misses your killer bee. x2
Your killer bee misses the killer bee.
The killer bee closely misses your killer bee.
Your killer bee barely misses the killer bee.
Unknown command.
The killer bee barely misses your killer bee.
The killer bee completely misses your killer bee.
Your killer bee closely misses the killer bee.
The killer bee stings your killer bee but does no damage.
The killer bee stings your killer bee.
Your killer bee dies!
The killer bee looks stronger.
Aiming: Charm
Press: ? - help, Shift-Dir - straight line, f/p - killer bee
Aim: a killer bee (chance to affect: 54%)
The killer bee is charmed.
Your killer bee misses the killer bee.
The killer bee stings you.
Unknown command.
Unknown command.
Your killer bee completely misses the killer bee.
The killer bee misses you. The killer bee stings you!
You are lethally poisoned!
The killer bee poisons you!
* * * LOW HITPOINT WARNING * * *
You feel sick.
Your killer bee barely misses the killer bee.
The killer bee misses you. The killer bee stings you.
You die...

....y.........#
...yy.........####+##
#########...........#
#...........#
#...........#
########†...........
##..#.....##########.
#...#y.y..#
#...@yy...#
#...#.....#
#...#.....#
#...#.....#
#####.....# #######


You could see 3 killer bees and a friendly killer bee (charmed).

Vanquished Creatures (others)
  A killer bee (D:5)
  2 plants (D:5)
3 creatures vanquished.

Notes
Turn   | Place    | Note
-------+----------+-------------------------------------------
     0 | D:5      | willcat the Human Delver began the quest for the Orb.
     0 | D:5      | Reached XP level 1. HP: 18/18 MP: 1/1
   148 | D:5      | Noticed a killer bee
   149 | D:5      | Noticed a killer bee
   149 | D:5      | Noticed a killer bee
   150 | D:5      | Noticed a killer bee
   151 | D:5      | Noticed a killer bee
   164 | D:5      | Slain by a killer bee

Illustrated notes

Levels and vault maps discovered:
D:5:      layout_gridville, serial_bayou, serial_bayou_crossing,
          serial_bayou_pond_c, serial_bayou_shore_a, serial_bayou_ford_a,
          serial_bayou_lake_a

Action                   || total
-------------------------++-------
Evoke: Wand              ||     3
Dodge: Dodged            ||     2

Table legend: (Time is in decaauts)
 A = Elapsed time spent in this place.
 B = Non-inter-level travel time spent in this place.
 C = Inter-level travel time spent in this place.
 D = Time resting spent in this place.
 E = Time spent auto-exploring this place.
 F = Levels seen in this place.
 G = Mean time per level.
                   A        B        C        D        E       F      G
               +--------+--------+--------+--------+--------+-----+--------+
         Total |    164 |    164 |      0 |      0 |    142 |   1 |  164.0 |
       Dungeon |    164 |    164 |      0 |      0 |    142 |   1 |  164.0 |
               +--------+--------+--------+--------+--------+-----+--------+

Top non-repeatable levels by time:
     D:5: 164 daAuts
